Unix NetHack Version 3.7.0-53 Work-in-progress - last build Apr 18 2022 03:42:42 (02b85442fffe0e2954e411e09df771b56fe27bbc,branch:master). Game began 2022-04-30 10:53:51, ended 2022-09-03 21:33:53. aerth, lawful female dwarven Valkyrie --------- |.......| |.......| ----- |..._...| |... |...V...| --..--------- | |...)...| | --...|.......| 5 |. ----A---- .| .---A...|.......| |.....AAA.....| & A......-AA.A.DA@.@...| ---...$@....--- ......---@...|....@..| -----)----- @WV..-- --...|...@...| %.. -@-- --.4--------- --- D.D ----.)D| |... .A.H| .@. ........| ----- A..H-- @@. ...------- %%.A.-- .a@ -....| ...----A----..a-- ...N.....*....| ------------- Aerth the Warrior St:18/26 Dx:19 Co:20 In:16 Wi:18 Ch:13 Lawful Astral Plane $:0 HP:121(255) Pw:31(31) AC:-14 Xp:16/511738 T:49322 Latest messages: The Angel of Odin swings his long sword. The Angel of Odin hits! The Angel of Odin swings his long sword. The Angel of Odin hits! The Angel of Odin hits! The Angel of Odin casts a spell at you! You are hit by a shower of missiles! The missiles bounce off! The Angel of Loki zaps you with a magic missile! The magic missile hits you! But it reflects from your shield! The magic missile misses the Angel of Loki. The magic missile misses the gold dragon. You hit the Angel of Loki with the chickatrice corpse. The Angel of Loki is slowing down. The Angel of Loki turns to stone. The Angel of Odin swings his long sword. The Angel of Odin hits! The Angel of Odin swings his long sword. The Angel of Odin hits! The Angel of Odin hits! The Angel of Odin casts a spell at you! You are hit by a shower of missiles! The missiles bounce off! You see here a statue of an Angel. The renegade priest of Tyr wields a mace! The mace welds itself to the renegade priest of Tyr's hand! You hit the gold dragon with the chickatrice corpse. The gold dragon is slowing down. The gold dragon turns to stone. The high priestess intones: "Pilgrim, you enter a sacred place!" There is an open door here. You see here a statue of a gold dragon. The renegade priest of Tyr turns to flee. The priest of Loki wields a mace! You hit the priest of Loki with the chickatrice corpse. The priest of Loki is slowing down. The priest of Loki turns to stone. You see here a statue of a priest. The Angel of Odin zaps you with a magic missile! The magic missile whizzes by you! There is a high altar to Tyr (lawful) here. # What do you want to sacrifice? [K or ?*] You offer the Amulet of Yendor to Tyr... An invisible choir sings, and you are bathed in radiance... The voice of Tyr booms: "Mortal, thou hast done well!" "In return for thy service, I grant thee the gift of Immortality!" You ascend to the status of Demigoddess... Major events: Turn 1: aerth the lawful dwarven Valkyrie entered the dungeon 733: attained the rank of Skirmisher (level 3) 2101: entered the Gnomish Mines 2616: reached Mine Town 3283: endured an absurd aquatic ceremony, and now wields Excalibur 3530: attained the rank of Fighter (level 6) 5450: entered Sokoban 6162: completed sokoban 2 6643: completed sokoban 3 7704: completed sokoban 4 8215: acquired the Sokoban amulet of reflection 8256: attained the rank of Woman-at-arms (level 10) 9580: made her first wish - "blessed greased +2 gray dragon scale mail" 12505: entered the Bigroom 15289: wished for "blessed fireproof +2 speed boots" 17920: killed Medusa 20155: acquired the Mines' End luckstone 23834: wished for "blessed +3 greased gray dragon scale mail" 25841: attained the rank of Warrior (level 14) 27180: found the Orb of Fate on the floor 27254: killed Lord Surtur 27257: acquired the Bell of Opening 28221: performed her first genocide (master mind flayers) 33467: bestowed with Mjollnir by Tyr 37008: entered Gehennom 38339: wished for "3 blessed scrolls of charging" 38341: wished for "magic marker" 38584: genocided class L 39665: genocided mind flayers 40179: killed Juiblex 40880: killed the invisible Baalzebub 42270: destroyed Vlad the Impaler 42273: acquired the Candelabrum of Invocation 43615: killed Orcus 44772: killed Yeenoghu 44834: killed the Wizard of Yendor 44834: killed the invisible Wizard of Yendor (2nd time) 44838: acquired the Book of the Dead 45219: performed the invocation 45226: killed the Wizard of Yendor (3rd time) 45522: killed the high priest of Moloch 45525: acquired The Amulet of Yendor 46212: killed the Wizard of Yendor (5th time) 47340: killed the invisible Geryon 48627: entered the Elemental Planes 48627: entered Plane of Earth 48920: entered Plane of Air 49020: entered Plane of Fire 49045: entered Plane of Water 49212: entered the Astral Plane 49219: wished for "blessed chickatrice corpse" 49238: killed Pestilence 49260: killed Pestilence (2nd time) 49290: killed Famine 49322: ascended Inventory: Amulets ('"') N - a cursed amulet of life saving (being worn) Weapons (')') a - the blessed rustproof +6 Excalibur Armor ('[') J - a cursed thoroughly rusty thoroughly corroded +2 helm of brilliance (being worn) u - an uncursed burnt +0 pair of gauntlets of dexterity (being worn) X - a blessed fireproof +1 pair of speed boots (being worn) D - a blessed +2 shield of reflection (being worn) E - an uncursed very burnt +0 robe (being worn) T - a cursed +3 Hawaiian shirt with a palm tree motif (being worn) W - a blessed +4 gray dragon scale mail (being worn) Comestibles ('%') f - an uncursed chickatrice corpse (wielded) l - an uncursed lizard corpse Spellbooks ('+') v - the cursed Book of the Dead Rings ('=') F - a cursed ring of shock resistance (on left hand) Wands ('/') C - an uncursed wand of cancellation (0:1) c - an uncursed wand of death (1:1) G - an uncursed wand of wishing (1:2) Tools ('(') b - a blessed greased bag of holding containing 64 items o - an uncursed bugle e - the uncursed Bell of Opening (0:2) x - the uncursed Candelabrum of Invocation (0 of 7 candles attached) d - the blessed Orb of Fate (0:2) k - an uncursed skeleton key t - an uncursed towel h - a blessed +0 unicorn horn Contents of the bag of holding: an uncursed amulet of life saving an uncursed amulet of reflection an uncursed amulet of reflection the uncursed rustproof +4 Mjollnir a blessed +1 pair of jumping boots an uncursed +0 cloak of invisibility 2 uncursed cloves of garlic an uncursed cream pie 6 uncursed food rations an uncursed melon 2 uncursed tripe rations an uncursed homemade tin of jaguar meat an uncursed tin of candied rock piercer meat an uncursed tin of stir fried troll meat an uncursed tin of szechuan lichen an uncursed egg 4 uncursed eggs an uncursed lichen corpse a blessed scroll of charging an uncursed scroll of earth a blessed scroll of fire 3 uncursed scrolls of fire an uncursed scroll of taming 2 blessed scrolls of teleportation 2 cursed scrolls of teleportation 2 uncursed potions of booze 4 uncursed potions of confusion 2 uncursed potions of extra healing an uncursed diluted potion of extra healing 3 blessed potions of full healing a blessed diluted potion of full healing 2 uncursed potions of gain level 4 uncursed potions of restore ability 4 potions of holy water 3 uncursed potions of water a potion of unholy water a blessed ring of conflict an uncursed ring of conflict an uncursed ring of fire resistance a blessed ring of free action an uncursed ring of invisibility an uncursed ring of levitation an uncursed ring of levitation an uncursed ring of regeneration an uncursed ring of slow digestion an uncursed ring of sustain ability an uncursed ring of teleport control an uncursed wand of cold (0:6) an uncursed wand of cold (0:5) an uncursed wand of enlightenment (0:14) an uncursed wand of fire (0:3) an uncursed wand of lightning (0:6) an uncursed wand of locking (0:3) an uncursed wand of polymorph (0:3) an uncursed wand of sleep (0:4) an uncursed wand of slow monster (0:4) an uncursed wand of teleportation (0:7) an uncursed wand of teleportation (0:5) an uncursed wand of undead turning (0:4) an uncursed can of grease (0:16) an uncursed magic marker (1:16) a blessed +0 pick-axe 2 uncursed tallow candles an uncursed +0 unicorn horn Aerth the Valkyrie's attributes: Background: You were a Warrior, a level 16 dwarven Valkyrie. You were lawful, on a mission for Tyr who was opposed by Odin (neutral) and Loki (chaotic). You were in the endgame, on the Astral Plane. You entered the dungeon 49322 turns ago. You had 511738 experience points, 128262 more were needed to attain level 17. Basics: You had 121 out of 255 hit points. You had all 31 energy points (spell power). Your armor class was -14. Your wallet was empty. Autopickup was off. Final Characteristics: Your strength was 18/26 (limit:18/100). Your dexterity was 19 (limit:20). Your constitution was 20 (limit:20). Your intelligence was 16 (base:14, limit:16). Your wisdom was 18 (base:16, innate limit:16). Your charisma was 13 (limit:16). Final Status: You were not hungry. You were unencumbered. You were wielding a corpse. Final Attributes: You were piously aligned. You were magic-protected. You were fire resistant. You were cold resistant. You were sleep resistant. You were disintegration-resistant. You were shock resistant. Your items were protected from electric shocks. You were poison resistant. You were telepathic. You were warned. You had infravision. You were stealthy. You were guarded. You took half physical damage. You took half spell damage. You were very fast. You had reflection. Your life would have been saved. You were extremely lucky. You had extra luck. Good luck did not time out for you. You survived. Miscellaneous: You disabled loading of bones levels. Total elapsed playing time was 15 hours, 5 minutes and 51 seconds. Vanquished creatures: Baalzebub Geryon Orcus Yeenoghu Juiblex the Wizard of Yendor (8 times) Pestilence (twice) Famine Vlad the Impaler a high cleric Medusa 7 krakens 2 iron golems a ki-rin 4 storm giants a purple worm 3 gray dragons 3 gold dragons 3 silver dragons 2 red dragons 2 white dragons an orange dragon 5 black dragons 5 blue dragons 4 green dragons 13 minotaurs 2 jabberwocks Lord Surtur 5 baluchitheria 13 Angels a demilich 2 stone golems a master mind flayer 3 Olog-hai a Nazgul a pit fiend 2 sandestins 3 hell hounds 3 displacer beasts 3 titanotheres 4 trappers a baby black dragon 2 guardian nagas 4 genetic engineers 5 disenchanters 28 vampire leaders 3 skeletons 25 aligned clerics 3 captains 6 shades 4 liches a clay golem 5 nurses 4 ice devils 5 nalfeshnees 4 lurkers above an Aleax 2 frost giants 4 ettins 16 black puddings 28 vampires 11 lieutenants 35 ghosts a ranger a rogue 3 queen bees 2 winged gargoyles a mind flayer 10 giant mimics 5 long worms 6 zruties 26 fire giants 10 ogre tyrants 6 ice trolls 19 rock trolls 9 umber hulks 6 flesh golems 6 elven monarchs 2 doppelgangers 6 hezrous 5 bone devils 10 large mimics 4 wumpuses 4 fire vortices a couatl 16 stalkers 15 air elementals 5 fire elementals 19 earth elementals 11 water elementals 2 hill giants 4 giant mummies 6 xorns 16 giant zombies 5 elf-nobles 10 sergeants 13 barbed devils 13 vrocks a salamander 10 wargs 5 winter wolves 3 hell hound pups 15 small mimics a glass piercer 9 warhorses 8 steam vortices 9 xans 5 ettin mummies 3 ogre leaders 12 quantum mechanics 20 trolls a sasquatch 3 wood golems 3 erinyes 4 mariliths a djinni 5 sharks 3 electric eels 7 gelatinous cubes 5 pyrolisks 4 large dogs a freezing sphere 6 flaming spheres a shocking sphere 2 large cats 9 tigers 7 gargoyles a tengu 6 ochre jellies 11 leocrottas 2 energy vortices 3 mountain centaurs 5 stone giants 3 elf mummies 6 human mummies 6 red nagas 4 pythons 7 pit vipers 2 cobras 49 wraiths 2 carnivorous apes 16 ettin zombies a leather golem 20 Grey-elves 45 soldiers 4 amorous demons 10 horned devils 9 chameleons a crocodile 26 giant beetles a quivering blob 21 cockatrices 10 wolves 5 winter wolf cubs 7 lynxes 8 panthers 7 gremlins a spotted jelly 19 leprechauns 2 orc-captains 3 iron piercers 4 mumakil 7 giant spiders 7 scorpions 8 horses 4 ice vortices 2 baby long worms 10 black lights 15 vampire bats 5 forest centaurs 3 orc mummies 7 dwarf mummies an ogre 5 brown puddings 13 rust monsters 8 owlbears 7 yetis 3 gold golems 2 werewolves 9 Green-elves 3 piranha 11 giant eels 12 lizards 3 warriors 7 chickatrices 4 dingoes a dog 2 housecats 2 jaguars 9 blue jellies a gray unicorn 2 black unicorns 11 dust vortices 34 ravens 2 plains centaurs 6 gnome mummies 11 snakes 5 water moccasins 11 apes 16 human zombies 4 rope golems 10 Woodland-elves 21 soldier ants 91 fire ants 13 bugbears 4 imps 5 quasits 5 wood nymphs 6 water nymphs 5 mountain nymphs 19 Mordor orcs 26 Uruk-hai 3 orc shamans 3 rock piercers 8 rock moles 5 ponies 5 fog clouds 5 yellow lights 4 shriekers 4 violet fungi a gnome leader 2 gnomish wizards a kobold mummy a black naga hatchling 4 gray oozes 5 barrow wights 12 elf zombies 12 ghouls 2 straw golems 2 paper golems 2 jellyfish 42 giant ants 6 little dogs 16 floating eyes 3 kittens a dwarf 8 homunculi 5 kobold leaders 6 kobold shamans 8 hill orcs 12 rothes 4 centipedes 8 giant bats 2 monkeys 16 orc zombies 10 dwarf zombies a wererat 5 iguanas 85 killer bees 4 acid blobs a coyote a gas spore a hobbit 22 manes 3 large kobolds 10 hobgoblins 5 giant rats 9 cave spiders a brown mold 3 yellow molds 3 green molds a red mold 9 gnomes 11 garter snakes 12 gnome zombies 14 geckos 17 jackals 3 foxes 2 kobolds 4 goblins 4 sewer rats 12 grid bugs 3 bats 6 lichens 11 kobold zombies 5 newts 2059 creatures vanquished. Genocided or extinct species: mind flayers master mind flayers liches demiliches master liches arch-liches erinyes (extinct) 6 species genocided. 1 species extinct. Voluntary challenges: You read items or engraved 76 times. You engraved Elbereth 12 times. You genocided 6 types of monsters. You never polymorphed an object. You used 6 wishes. You did not wish for any artifacts. You violated the special Sokoban rules once. Achievements: You attained the rank of Skirmisher. You entered a shop. You entered the Gnomish Mines. You entered Minetown. You entered a temple. You attained the rank of Fighter. You entered Sokoban. You completed Sokoban. You attained the rank of Woman-at-arms. You entered the Big Room. You defeated Medusa. You completed the Gnomish Mines. You attained the rank of Warrior. You had the Bell of Opening. You learned the tune to open and close the Castle's drawbridge. You entered Gehennom. You had the Candelabrum of Invocation. You had the Book of the Dead. You gained access to Moloch's Sanctum. You reached the Elemental Planes. You reached the Astral Plane. You delivered the Amulet of Yendor. You ascended! The Elemental Planes: Astral Plane: <- You are here. Some temples. Plane of Water: Plane of Fire: Plane of Air: Plane of Earth: The Dungeons of Doom: levels 1 to 25 Level 1: One way stairs up to The Elemental Planes. Level 2: "vault" An armor shop. Level 3: A delicatessen, a grave. Level 4: An altar to Tyr. Stairs down to The Gnomish Mines. Level 5: A grave. Level 6: A fountain. Level 7: "vault" Level 8: Level 9: A fountain. Level 10: Stairs up to Sokoban, level 9. Level 11: A fountain. Level 12: Some fountains, many trees. A very big room. Level 13: Level 14: Some fountains, a sink. Level 15: Level 16: Portal to The Quest. Level 17: A primitive area. Level 18: Level 19: A sink. Level 20: A fountain. Level 21: A fountain, many trees. Level 22: Level 23: Level 24: Level 25: The castle (play notes "AFGEB" to open or close drawbridge). Connection to Gehennom. Gehennom: levels 26 to 47 Level 26: "asmo below" A temple, many graves. Valley of the Dead. Level 27: Level 28: Level 29: Level 30: Level 31: Level 32: A fountain. Level 33: Level 34: Level 35: Stairs up to Vlad's Tower, level 34. Level 36: Level 37: Level 38: Some shops, an altar, some graves. Level 39: Level 40: Level 41: Level 42: Level 43: Level 44: Level 45: Level 46: Level 47: A temple, many graves. Moloch's Sanctum. The Gnomish Mines: levels 5 to 12 Level 5: Level 6: Level 7: "mf below" Many shops, a temple, some fountains. Level 8: Level 9: "mf above" Level 10: Level 11: Level 12: Some fountains. The Quest: levels 1 to 5 Level 1: A fountain. Completed quest for the Norn. Level 2: Level 3: Level 4: Level 5: Sokoban: levels 9 up to 6 Level 6: Solved. Level 7: Solved. Level 8: Solved. Level 9: Unsolved. Vlad's Tower: levels 34 up to 32 Level 32: Level 33: Level 34: Farvel aerth the Demigoddess... You went to your reward with 2654810 points, Excalibur (worth 4000 zorkmids and 10000 points) Mjollnir (worth 4000 zorkmids and 10000 points) The Orb of Fate (worth 3500 zorkmids and 8750 points) The Bell of Opening (worth 5000 zorkmids and 12500 points) The Book of the Dead (worth 10000 zorkmids and 25000 points) The Candelabrum of Invocation (worth 5000 zorkmids and 12500 points) 2 amulets of life saving (worth 300 zorkmids), 2 amulets of reflection (worth 300 zorkmids), and 0 pieces of gold, after 49322 moves. You were level 16 with a maximum of 255 hit points when you ascended.